 Dungeon Crawl Stone Soup version 0.27-a0-920-gb2bd10914a (webtiles) character file.

Game seed: 13824472798824227775

38 Lanoc the Ducker (level 3, -2/33 HPs)
             Began as a Troll Hedge Wizard on Apr 9, 2021.
             Was a Follower of Nemelex Xobeh.
             Slain by a gnoll
             ... wielding a +0 halberd
              (5 damage)
             ... on level 2 of the Dungeon.
             The game lasted 00:01:27 (811 turns).

Lanoc the Ducker (Troll Hedge Wizard)                Turns: 811, Time: 00:01:28

Health: -2/33      AC:  4    Str: 18    XL:     3   Next: 25%
Magic:  5/5        EV: 10    Int: 10    God:    Nemelex Xobeh [*.....]
Gold:   95         SH:  0    Dex: 10    Spells: 5/6 levels left

rFire    . . .     SeeInvis .   (no weapon)
rCold    . . .     Faith    .   (no shield)
rNeg     . . .     Spirit   .   b - +0 robe
rPois    .         Reflect  .   c - +0 hat
rElec    .         Harm     .   (no cloak)
rCorr    .         Rampage  .   (gloves unavailable)
Will     .....                  (boots unavailable)
Stlth    +.........             (no amulet)
HPRegen  1.11/turn              (no ring)
MPRegen  0.09/turn              (no ring)

@: brilliant, attractive
A: large, unfitting armour, claws 3, regeneration 1, shaggy fur 1, tough skin 1
a: Renounce Religion, Draw Escape, Draw Destruction, Draw Summoning


You were on level 2 of the Dungeon.
You worshipped Nemelex Xobeh.
Nemelex Xobeh was aware of your devotion.
You visited 1 branch of the dungeon, and saw 2 of its levels.

You collected 95 gold pieces.

Inventory:

Armour
 b - a +0 robe (worn)
 c - a +0 hat (worn)


   Skills:
 + Level 1.3 Fighting
 + Level 2.2 Dodging
 - Level 1.0 Stealth
 - Level 2.0 Spellcasting
 - Level 0.6 Conjurations
 - Level 0.6 Summonings
 - Level 0.6 Translocations
 * Level 1.0 Invocations


You had 5 spell levels left.
You knew the following spells:

 Your Spells              Type           Power      Damage    Failure   Level
a - Magic Dart            Conj           12%        1d3       24%         1

Your spell library contained the following spells:

 Spells                   Type           Power      Damage    Failure   Level
 Blink                    Tloc           N/A        N/A       36%         2
 Call Imp                 Summ           3%         N/A       36%         2
 Slow                     Hex            1%         N/A       43%         2
 Conjure Flame            Conj/Fire      2%         6-21      63%         3
 Mephitic Cloud           Conj/Pois/Air  2%         N/A       65%         3


Dungeon Overview and Level Annotations

Branches:
Dungeon (2/15)

Altars:
Nemelex Xobeh


Innate Abilities, Weirdness & Mutations

You are too large for most types of armour.
You have claws for hands.
Your natural rate of healing is unusually fast.
You are covered in fur. (AC +1)
You have tough skin. (AC +1)


Message History

You claw the jackal!
You kill the jackal!
The gnoll barely misses you.
You closely miss the gnoll.
The gnoll hits you from afar with a +0 spear.
You scratch the gnoll.
The gnoll is moderately wounded.
The gnoll closely misses you. The gnoll hits you with a +0 flail!
You aren't carrying any items that you can evoke.
Okay, then.
It was a potion of brilliance.
You feel clever all of a sudden.
It was a potion of attraction.
You feel attractive to monsters. The ball python bites you.
The gnoll closely misses you. The gnoll barely misses you.
The gnoll is pulled toward you! x2
You aren't carrying any scrolls.
You scratch the gnoll.
The gnoll is severely wounded.
The ball python bites you. The gnoll hits you with a +0 flail!
* * * LOW HITPOINT WARNING * * *
The gnoll is pulled toward you! x2
You closely miss the gnoll.
The gnoll is severely wounded.
The ball python bites you but does no damage.
The gnoll closely misses you. The gnoll completely misses you.
The gnoll hits you with a +0 club.
* * * LOW HITPOINT WARNING * * *
The gnoll closely misses you.
You barely miss the gnoll.
The gnoll is severely wounded.
The ball python bites you but does no damage.
The gnoll misses you.
The gnoll hits you from afar with a +0 spear.
* * * LOW HITPOINT WARNING * * *
The gnoll misses you.
The ball python bites you but does no damage.
The gnoll hits you with a +0 halberd.
You die...
Your body disappears without a glow.

##.# #....# #......
####.#### #....# #......
##.......## #....# ###.###
#......[..###....# ...
#.........).......###...##
#......................
#............|.........
##........gS...........
#........@gg.######...
#.###.##.g##.......... ##
#. ##.###......... # ...
#†#####... .... #.g##
#....###g.###.).
.........?......
#.....##........# ..
#.....####


You could see 4 gnolls and a ball python.

Vanquished Creatures
  An adder (D:2)
  A worm (D:2)
  A dart slug (D:1)
  A ball python (D:1)
  4 endoplasms (D:1)
  A giant cockroach (D:1)
  A goblin (D:1)
  A hobgoblin (D:1)
  3 jackals
  2 bats (D:1)
  2 frilled lizards
  5 kobolds
  A rat (D:2)
24 creatures vanquished.

Notes
Turn   | Place    | Note
-------+----------+-------------------------------------------
     0 | D:1      | Lanoc the Troll Hedge Wizard began the quest for the Orb.
     0 | D:1      | Reached XP level 1. HP: 16/16 MP: 2/2
   133 | D:1      | Reached XP level 2. HP: 26/26 MP: 4/4
   159 | D:1      | Reached skill level 1 in Fighting
   342 | D:1      | Found a faded altar of an unknown god.
   350 | D:1      | Became a worshipper of Nemelex Xobeh the Trickster
   350 | D:1      | Reached * piety under Nemelex Xobeh
   776 | D:2      | Reached skill level 1 in Invocations
   776 | D:2      | Reached XP level 3. HP: 31/33 MP: 5/5
   811 | D:2      | Slain by a gnoll

Illustrated notes

Levels and vault maps discovered:
D:1:      lightli_iron_boxes, layout_rooms,
          shapermc_ecumenical_altar_flowoftime, kennysheep_minor_cross
D:2:      layout_rooms

Skill      XL: |  1  2 |
---------------+-------+-----
Dodging        | 2 |  2.2
Fighting       | 1 |  1.3
Invocations    | 1 |  1.0
Stealth        | |  1.0
Spellcasting   | |  2.0
Conjurations   | |  0.6
Summonings     | |  0.6
Translocations | |  0.6

Action                   || total
-------------------------++-------
Melee: Unarmed           ||    88
  Use: Potion            ||     2
Armor: Robe              ||    29
Dodge: Dodged            ||    66

Table legend: (Time is in decaauts)
 A = Elapsed time spent in this place.
 B = Non-inter-level travel time spent in this place.
 C = Inter-level travel time spent in this place.
 D = Time resting spent in this place.
 E = Time spent auto-exploring this place.
 F = Levels seen in this place.
 G = Mean time per level.
                   A        B        C        D        E       F      G
               +--------+--------+--------+--------+--------+-----+--------+
         Total |    810 |    776 |     34 |      0 |    599 |   2 |  405.0 |
       Dungeon |    810 |    776 |     34 |      0 |    599 |   2 |  405.0 |
               +--------+--------+--------+--------+--------+-----+--------+

Top non-repeatable levels by time:
     D:1: 717 daAuts
     D:2: 93 daAuts
